 Dungeon Crawl Stone Soup version 0.29-a0-322-g68df515428 (webtiles) character file.

Game seed: 2112768709271808871

54 sanka the Insei (level 3, -1/28 HPs)
             Began as a Gnoll Transmuter on Apr 8, 2022.
             Slain by an ogre
             ... wielding a +0 giant spiked club
              (29 damage)
             ... on level 2 of the Dungeon.
             The game lasted 00:02:53 (1797 turns).

sanka the Insei (Gnoll Transmuter)                  Turns: 1797, Time: 00:02:54

Health: -1/28      AC:  2    Str:  9    XL:     3   Next: 91%
Magic:  3/9        EV: 22    Int: 14    God:
Gold:   119        SH:  0    Dex: 17    Spells: 6/12 levels left

rFire   . . .      SeeInvis .     - Unarmed
rCold   + . .      Faith    .   (shield currently unavailable)
rNeg    . . .      Spirit   .   (body armour currently unavailable)
rPois   x          Reflect  .   (helmet currently unavailable)
rElec   .          Harm     .   (cloak currently unavailable)
rCorr   .          Rampage  .   (gloves currently unavailable)
Will    .....                   (boots currently unavailable)
Stlth   ++........              k - amulet of regeneration
HPRegen 0.89/turn               (no ring)
MPRegen 0.11/turn               r - ring of protection from cold

@: spider-form, very slightly contaminated
A: venomous fangs, tiny, (fangs 1), strong nose, distributed training
a: End Transformation


You were on level 2 of the Dungeon.
You were a venomous arachnid creature.
You visited 1 branch of the dungeon, and saw 2 of its levels.

You collected 119 gold pieces.


Innate Abilities, Weirdness & Mutations

You are a venomous arachnid creature.
You have poisonous fangs.
You are tiny and dextrous.
Your spellcasting is less reliable in this form.
Your armour is entirely melded.
You are incapable of wielding weapons or throwing items.
((You have very sharp teeth.))
Your uncanny sense of smell can sniff out nearby items.
Your experience applies equally to all skills.


   Skills:
 + Level 2.6 Fighting
 + Level 1.0 Short Blades
 + Level 1.0 Long Blades
 + Level 1.0 Axes
 + Level 1.0 Maces & Flails
 + Level 1.0 Polearms
 + Level 1.0 Staves
 + Level 1.0 Slings
 + Level 1.0 Bows
 + Level 1.0 Crossbows
 + Level 1.0 Throwing
 + Level 1.0 Armour
 + Level 4.6 Dodging
 + Level 1.0 Stealth
 + Level 1.0 Shields
 + Level 6.5 Unarmed Combat
 + Level 5.0 Spellcasting
 + Level 0.7 Conjurations
 + Level 0.7 Hexes
 + Level 0.7 Summonings
 + Level 0.7 Necromancy
 + Level 0.7 Translocations
 + Level 3.8 Transmutations
 + Level 0.7 Fire Magic
 + Level 0.7 Ice Magic
 + Level 0.7 Air Magic
 + Level 0.7 Earth Magic
 + Level 0.7 Poison Magic
 + Level 1.0 Invocations
 + Level 1.0 Evocations


You had 6 spell levels left.
You knew the following spells:

 Your Spells              Type           Power      Damage    Failure   Level
x - Spider Form           Tmut/Pois      9%         N/A       41%         3
y - Wereblood             Tmut           14%        N/A       16%         2
z - Beastly Appendage     Tmut           28%        N/A       12%         1

Your spell library contained the following spells:

 Spells                   Type           Power      Damage    Failure   Level
 Portal Projectile        Hex/Tloc       10%        N/A       58%         3
 Ice Form                 Ice/Tmut       9%         N/A       77%         4
 Blade Hands              Tmut           7%         N/A       87%         5
 Excruciating Wounds      Necr           2%         N/A       99%         5

Inventory:

Missiles
 n - 4 poisoned darts
Armour
 a - a +0 robe
 g - a +0 helmet (melded)
 o - the +4 ring mail "Ophant" (melded) {Str+3 Dex+4}

   Str:       It affects your strength (+3).
   Dex:       It affects your dexterity (+4).
Jewellery
 k - an amulet of regeneration (around neck)
 r - a ring of protection from cold (right front leg)
Scrolls
 f - 2 scrolls of enchant armour {unknown}
 h - a scroll of teleportation {unknown}
 i - 2 scrolls of blinking {unknown}
 m - a scroll of noise {unknown}
 q - a scroll of identify {unknown}
Potions
 b - 2 potions of lignification {!q}
 c - 2 potions of curing {unknown}
 d - a potion of magic {unknown}
 e - a potion of degeneration {unknown}
 j - 2 potions of brilliance {unknown}
 l - a potion of attraction {unknown}
 p - a potion of mutation {unknown}

Dungeon Overview and Level Annotations

Branches:
Dungeon (2/15)

Altars:

▒.▒▒.▒.▒ ▒ ...... ▒....▒.▒ ▒
.....O ▒▒▒▒▒▒.▒ ▒ ......▒
..▒.▒ ▒ ....... ▒.▒.▒▒▒▒▒
....... ▒.▒...... .......
▒.▒▒▒▒▒▒.
.......▒▒▒▒▒▒▒▒▒▒▒▒▒.▒▒▒▒▒▒.
..........Os............>▒▒.
......▒.▒▒▒▒▒▒.▒▒▒▒▒.▒.▒▒▒▒.
..... ▒.. ▒▒▒.▒▒▒▒▒.▒.▒ ▒.
▒▒▒▒ ▒▒.▒ ▒.........▒.▒ ▒▒
.. ▒.▒.▒▒▒▒▒▒▒.▒ ▒ ..▒▒.▒.▒
▒.▒ ▒ ...▒.▒.▒ ▒.▒ ▒
.....▒.▒ ▒.▒ ▒ ▒▒..▒▒.▒▒▒
▒.▒ ▒


You could see an ogre (very poisoned).


Message History

Your transformation is almost over.
You see here a +0 dagger.
Your horns disappear.
Your talons disappear.
Found 3 gold pieces.
You now have 119 gold pieces (gained 3).
Found a shiny diamond ring.
r - a ring of protection from cold Put ring on which hand? (Esc to cancel) < - no ring (left) > - no ring (right)
r - a ring of protection from cold (right hand)
Found a stone staircase leading down.
An ogre comes into view. It is wielding a +0 giant spiked club.
The ogre shouts!
An ogre is nearby!
An ogre is nearby!
An ogre is nearby!
The spell is extremely dangerous to miscast (43% risk of failure)!
Continue anyway?
You miscast Spider Form.
You are very lightly contaminated with residual magic.
Multicoloured lights dance before your eyes.
The spell is extremely dangerous to miscast (43% risk of failure)!
Continue anyway?
You turn into a venomous arachnid creature.
You hit the ogre.
The ogre is poisoned.
The ogre is lightly wounded.
The ogre hits you with a +0 giant spiked club!!
Ouch! That really hurt!
You die...

Action                   || total
-------------------------++-------
Melee: Unarmed           ||    93
       Kick              ||    21
       Headbutt          ||     6
       Bite              ||     5
 Cast: Beastly Appendage ||    20
       Spider Form       ||     1
Armor: Robe              ||    13
       Ring mail         ||     1
Dodge: Dodged            ||    52

Levels and vault maps discovered:
D:1:      wander_arrival_chamber, layout_rooms
D:2:      layout_basic, dreamdust_ecumenical_altar_statues, minmay_hexomino_p4

Notes
Turn   | Place    | Note
-------+----------+-------------------------------------------
     0 | D:1      | sanka the Gnoll Transmuter began the quest for the Orb.
     0 | D:1      | Reached XP level 1. HP: 17/17 MP: 6/6
   395 | D:1      | Reached XP level 2. HP: 13/23 MP: 7/7
   826 | D:1      | Reached XP level 3. HP: 20/28 MP: 7/9
   911 | D:1      | Learned a level 2 spell: Wereblood
   915 | D:1      | Learned a level 3 spell: Spider Form
  1023 | D:1      | Reached skill level 5 in Spellcasting
  1329 | D:1      | Reached skill level 1 in Invocations
  1533 | D:2      | Identified the +4 ring mail "Ophant" {Str+3 Dex+4}
  1540 | D:2      | Reached skill level 1 in Short Blades
  1540 | D:2      | Reached skill level 1 in Long Blades
  1540 | D:2      | Reached skill level 1 in Axes
  1540 | D:2      | Reached skill level 1 in Maces & Flails
  1540 | D:2      | Reached skill level 1 in Polearms
  1540 | D:2      | Reached skill level 1 in Staves
  1540 | D:2      | Reached skill level 1 in Slings
  1540 | D:2      | Reached skill level 1 in Bows
  1540 | D:2      | Reached skill level 1 in Crossbows
  1540 | D:2      | Reached skill level 1 in Throwing
  1540 | D:2      | Reached skill level 1 in Armour
  1540 | D:2      | Reached skill level 1 in Stealth
  1540 | D:2      | Reached skill level 1 in Shields
  1540 | D:2      | Reached skill level 1 in Evocations
  1787 | D:2      | Noticed an ogre
  1797 | D:2      | Slain by an ogre

Vanquished Creatures
  A worm (D:2)
  3 dart slugs
  3 bats
  5 endoplasms (D:1)
  A giant cockroach (D:1)
  3 hobgoblins
  A quokka (D:1)
  6 ball pythons
  4 frilled lizards
  10 kobolds
  6 rats
43 creatures vanquished.
